 Dungeon Crawl Stone Soup version 0.21.1-1-g345015f (webtiles) character file.

3156 kae the Insei (level 9, -2/71 HPs)
             Began as a Demonspawn Transmuter on May 18, 2018.
             Was a Follower of Wu Jian.
             Slain by a troll (7 damage)
             ... on level 8 of the Dungeon.
             The game lasted 00:11:35 (10788 turns).

kae the Insei (Demonspawn Transmuter)              Turns: 10788, Time: 00:11:35

Health: -2/71      AC: 10    Str: 10    XL:     9   Next: 62%
Magic:  17/17      EV: 12    Int: 15    God:    Wu Jian [*.....]
Gold:   429        SH:  0    Dex: 20    Spells: 12/18 levels left

rFire    + + .     SeeInvis .   h - +1 dagger (venom)
rCold    . . .     Gourm    .   (no shield)
rNeg     . . .     Faith    .   B - +3 leather armour of Xysoxoe {rF+ Dex+3}
rPois    .         Spirit   .   (no helmet)
rElec    .         Reflect  .   p - +1 cloak
rCorr    .         Harm     .   (no gloves)
MR       .....                  (no boots)
Stlth    +.........             (no amulet)
HPRegen  0.21/turn              (no ring)
MPRegen  0.15/turn              (no ring)

@: no status effects
A: hooves 1, rugged brown scales 2, fire resistance 1, spiny 1
a: Renounce Religion


You were on level 8 of the Dungeon.
You worshipped Wu Jian.
Wu Jian was aware of your devotion.
You were very hungry.

You visited 2 branches of the dungeon, and saw 9 of its levels.

You collected 429 gold pieces.

Inventory:

Hand Weapons
 h - a +1 dagger of venom (weapon)
Missiles
 a - 143 arrows
Armour
 b - a +0 robe
 e - a +2 scale mail of cold resistance
 p - a +1 cloak (worn)
 B - the +3 leather armour of Xysoxoe (worn) {rF+ Dex+3}
   (You found it on level 8 of the Dungeon)

   It affects your dexterity (+3).
   It protects you from fire.
Jewellery
 A - an uncursed amulet of magic regeneration {unknown}
 C - an uncursed amulet of the gourmand {unknown}
Wands
 x - a wand of acid (7)
 y - a wand of scattershot (8)
Scrolls
 f - 4 scrolls of teleportation
 m - 6 scrolls of remove curse
 n - 2 scrolls of blinking
 u - 2 scrolls of identify
 w - a scroll of noise {unknown}
 z - 3 scrolls of torment {unknown}
Potions
 g - 2 potions of magic
 i - a potion of might {unknown}
 j - a potion of degeneration {unknown}
 k - 4 potions of haste
 l - a potion of berserk rage {unknown}
 o - 2 potions of lignification
 q - a potion of agility
 r - a potion of curing
 s - a potion of ambrosia {unknown}
 t - a potion of mutation {unknown}
 v - a potion of flight {unknown}
Books
 c - a book of Changes

   Spells                             Type                      Level
   a - Beastly Appendage              Transmutation                1
   b - Sticks to Snakes               Transmutation                2
   c - Spider Form                    Transmutation/Poison         3
   d - Ice Form                       Ice/Transmutation            4
   e - Blade Hands                    Transmutation                5
Comestibles
 d - 19 rations


   Skills:
 + Level 5.4 Fighting
 - Level 1.7 Dodging
 * Level 7.7 Unarmed Combat
 + Level 5.3 Spellcasting
 * Level 7.4 Transmutations


You had 12 spell levels left.
You knew the following spells:

 Your Spells              Type           Power        Failure   Level  Hunger
a - Beastly Appendage     Tmut           ####..       1%          1    None
b - Sticks to Snakes      Tmut           ####....     1%          2    #......
c - Spider Form           Tmut/Pois      ###.......   14%         3    ###....


Dungeon Overview and Level Annotations

Branches:
Dungeon (8/15)             Temple (1/1) D:7
   Lair: D:8-11

Altars:
Ashenzari
Cheibriados
Dithmenos
Elyvilon
Fedhas
Gozag
Kikubaaqudgha
Makhleb
Nemelex Xobeh
Okawaru
Qazlal
Sif Muna
Trog
Uskayaw
Vehumet
Wu Jian
Xom
Yredelemnul
Zin
The Shining One

Annotations:
D:4 cultivahabas's ghost, amateur TrCK


Innate Abilities, Weirdness & Mutations

You have large cloven feet.
You are mostly covered in rugged brown scales. (AC +2, +5% HP)
Your flesh is heat resistant. (rF+)
You are partially covered in sharp spines.


Message History

The troll is struck by your spines. The troll closely misses you.
The troll completely misses you. The troll claws you!
You barely miss the troll.
The troll is severely wounded.
The troll is struck by your spines. The troll bites you but does no damage.
The troll claws you but does no damage. The troll closely misses you.
You hit the troll.
The troll looks as sick as possible!
Your kick misses the troll.
The troll is severely wounded.
The troll bites you. The troll claws you. The troll claws you!
* * * LOW HITPOINT WARNING * * *
You hit the troll.
The troll looks as sick as possible!
The troll is almost dead.
The troll bites you but does no damage. The troll claws you but does no damage.
The troll claws you!
* * * LOW HITPOINT WARNING * * *
You hit the troll.
The troll looks as sick as possible!
You kick the troll.
The troll is almost dead.
The troll bites you!
You die...

#...........#.......#
#.
#...........#.......#
.
##..........#.......#
##.........#.......#
##..#######.......#
#..#.............#
....#...(.........#
..#..#.............#
...##..#....T@########
..# ...#......# .#
.H.#.....?# #......#
#......# ########


You could see a troll.

Vanquished Creatures
  A centaur skeleton (D:7)
  A hippogriff (D:8)
  A wyvern (D:8)
  Menkaure (D:6)
  2 ice beasts
  A sky beast (D:5)
  A black bear (D:7)
  An ogre (D:7)
  2 centaurs
  3 bullfrogs
  A wyvern skeleton (D:5)
  8 killer bees
  A scorpion (D:4)
  A crimson imp (D:5)
  A quasit (D:7)
  8 hounds
  6 orc priests
  5 orc wizards
  3 jellies (D:8)
  A bullfrog skeleton (D:7)
  Crazy Yiuf (D:3)
  Terence (D:3)
  A worker ant (D:5)
  2 iguanas
  Natasha (thrice) (D:3)
  A hound skeleton (D:6)
  3 gnolls (D:5)
  3 adders
  2 shadow imps (D:6)
  5 oozes (D:8)
  An adder skeleton (D:5)
  4 worms
  2 dart slugs
  2 leopard geckos
  22 orcs
  7 bats
  8 giant cockroaches
  6 hobgoblins
  8 jackals
  7 kobolds
  8 quokkas
  2 ball pythons
  7 frilled lizards
  5 goblins
  3 goblin skeletons (D:6)
  A goblin zombie (D:6)
  2 hobgoblin zombies (D:6)
  A kobold skeleton (D:6)
  4 rats
171 creatures vanquished.

Notes
Turn   | Place    | Note
-------+----------+-------------------------------------------
     0 | D:1      | kae the Demonspawn Transmuter began the quest for the Orb.
     0 | D:1      | Reached XP level 1. HP: 15/15 MP: 3/3
   325 | D:1      | Gained mutation: You are partially covered in sharp spines. [demonic ancestry]
   325 | D:1      | Reached XP level 2. HP: 18/21 MP: 5/5
  1022 | D:2      | Gained mutation: You have large cloven feet. [demonic ancestry]
  1022 | D:2      | Reached XP level 3. HP: 19/26 MP: 6/6
  1040 | D:2      | Learned a level 2 spell: Sticks to Snakes
  1044 | D:2      | Learned a level 3 spell: Spider Form
  1580 | D:3      | Noticed Terence
  1590 | D:3      | Killed Terence
  1590 | D:3      | Gained mutation: You are partially covered in rugged brown scales. (AC +1, +3% HP) [demonic ancestry]
  1590 | D:3      | Reached XP level 4. HP: 23/33 MP: 5/7
  1599 | D:3      | Noticed Natasha
  1614 | D:3      | Killed Natasha
  1832 | D:3      | Reached XP level 5. HP: 38/39 MP: 8/8
  1949 | D:3      | Found a shimmering altar of Xom.
  2205 | D:3      | Noticed Natasha
  2215 | D:3      | Killed Natasha
  2306 | D:3      | Found an iron altar of Okawaru.
  2620 | D:3      | Noticed Natasha
  2626 | D:3      | Killed Natasha
  2626 | D:3      | Reached XP level 6. HP: 46/47 MP: 8/10
  2869 | D:3      | Found a runed door.
  3119 | D:3      | Noticed Crazy Yiuf
  3129 | D:3      | Killed Crazy Yiuf
  4035 | D:4      | Noticed cultivahabas's ghost (amateur TrCK)
  4965 | D:4      | Gained mutation: You are mostly covered in rugged brown scales. (AC +2, +5% HP) [demonic ancestry]
  4965 | D:4      | Reached XP level 7. HP: 41/54 MP: 12/12
  5296 | D:5      | Entered Level 5 of the Dungeon
  5338 | D:5      | Reached skill level 5 in Unarmed Combat
  6448 | D:5      | Reached skill level 5 in Transmutations
  6625 | D:5      | Found a glowing golden altar of the Shining One.
  6661 | D:5      | Reached XP level 8. HP: 43/63 MP: 13/13
  6918 | D:6      | Found a hide-covered altar of Uskayaw.
  6994 | D:6      | Found a shattered altar of Ashenzari.
  7016 | D:6      | Found an ancient bone altar of Kikubaaqudgha.
  7227 | D:6      | Noticed Menkaure
  7238 | D:6      | Found a glowing golden altar of the Shining One.
  7666 | D:6      | Killed Menkaure
  8256 | D:7      | Found a deep blue altar of Sif Muna.
  8559 | D:7      | Found a shadowy altar of Dithmenos.
  8657 | D:7      | Gained mutation: Your flesh is heat resistant. (rF+) [demonic ancestry]
  8657 | D:7      | Reached XP level 9. HP: 21/69 MP: 16/16
  8991 | D:7      | Found a staircase to the Ecumenical Temple.
  9067 | Temple   | Entered the Ecumenical Temple
  9281 | Temple   | Became a worshipper of the Wu Jian Council
  9576 | D:8      | Found an ornate altar of the Wu Jian Council.
  9688 | D:8      | Found a burning altar of Makhleb.
  9736 | D:8      | Got a heavily runed leather armour
  9747 | D:8      | Identified the +3 leather armour of Xysoxoe {rF+ Dex+3} (You found it on level 8 of the Dungeon)
  9760 | D:8      | Found an opulent altar of Gozag.
  9781 | D:8      | Reached skill level 5 in Fighting
  9781 | D:8      | Reached skill level 5 in Spellcasting
 10491 | D:8      | HP: 3/71 [hound (1)]
 10494 | D:8      | Reached * piety under Wu Jian
 10776 | D:8      | Noticed a troll
 10788 | D:8      | Slain by a troll

Skill      XL: |  1  2  3  4  5  6  7  8  9 |
---------------+----------------------------+-----
Transmutations | 2 3 4 5 6 7 |  7.4
Unarmed Combat | 3 4 5 6 7 |  7.7
Fighting       | 2 3 4 5 |  5.4
Spellcasting   | 3 4 5 |  5.3
Dodging        | |  1.7

Action                   |  1- 3 |  4- 6 |  7- 9 || total
-------------------------+-------+-------+-------++-------
Melee: Unarmed           |    47 |       |       ||    47
       Kick              |     9 |    33 |    98 ||   140
       Dagger            |    47 |   134 |   288 ||   469
       Headbutt          |     4 |     3 |     3 ||    10
       Punch             |       |     1 |    17 ||    18
 Cast: Beastly Appendage |    10 |     8 |     2 ||    20
Invok: Lunge             |       |       |     3 ||     3
       Whirlwind         |       |       |     1 ||     1
  Use: Scroll            |     6 |     1 |     4 ||    11
       Potion            |       |       |     5 ||     5
 Stab: Sleeping          |       |     2 |     3 ||     5
       Distracted        |       |       |     1 ||     1
  Eat: Chunk             |     2 |     4 |    14 ||    20
       Ration            |       |     2 |     1 ||     3
Armor: Robe              |    13 |    13 |    71 ||    97
       Leather armour    |       |       |    32 ||    32
Dodge: Dodged            |    42 |    52 |   161 ||   255
